 Dungeon Crawl Stone Soup version 0.16.1-51-g6203257 (webtiles) character file.

9929 hannobal the Cruncher (level 11, -2/84 HPs)
             Began as a Human Wanderer on July 16, 2015.
             Was an Initiate of Fedhas.
             Slain by a yak (4 damage)
             ... summoned by a shadow trap
             ... triggered by a centaur zombie
             ... on level 11 of the Dungeon.
             The game lasted 00:58:59 (17429 turns).

hannobal the Cruncher (Human Wanderer)             Turns: 17429, Time: 00:59:00

Health: -2/84      AC: 11    Str: 13    XL:     11   Next: 83%
Magic:  20/20      EV:  5    Int: 20    God:    Fedhas [......]
Gold:   598        SH:  0    Dex: 12    Spells: 0 memorised, 10 levels left

rFire  . . .     SeeInvis .     E - +5 halberd of Watchfulness {elec, rPois rC- MP+9 Int+7 Dex-3}
rCold  x . .     Clarity  .     t - +0 chain mail
rNeg   . . .     SustAb   +     (no shield)
rPois  +         Gourm    .     j - +0 helmet
rElec  .         Spirit   .     w - +0 cloak
rCorr  .         Warding  .     V - +0 pair of gloves
rMut   .         Stasis   .     (no boots)
MR     .....                    R - amulet of regeneration
Stlth  ..........               (no ring)
                                c - ring of sustain abilities

@: about to teleport, very slightly contaminated, hasted, very heavily drained,
very quick, not resistant to hostile enchantments, extremely unstealthy
A: no striking features
a: Renounce Religion


You were on level 11 of the Dungeon.
You worshipped Fedhas.
Fedhas was noncommittal.
You were not hungry.

You visited 3 branches of the dungeon, and saw 14 of its levels.
You also visited: Ossuary.

You collected 598 gold pieces.

Inventory:

Hand weapons
 a - a +3 quarterstaff
 b - a +0 shortbow
 v - a +0 blowgun
 E - the +5 halberd of Watchfulness (weapon) {elec, rPois rC- MP+9 Int+7 Dex-3}
   (You found it on level 11 of the Dungeon)

   Occasionally, upon striking a foe, it will discharge some electrical energy
   and cause terrible harm.
   It affects your intelligence (+7).
   It affects your dexterity (-3).
   It makes you vulnerable to cold.
   It protects you from poison.
   It affects your magic capacity (+9).
 J - a +3 halberd of freezing
 T - a +0 hunting sling
 Y - a +2 hand axe of flaming
Missiles
 e - 2 throwing nets
 h - 49 poisoned needles
 k - 15 tomahawks (quivered)
 l - 135 arrows
 o - 60 sling bullets
 q - 3 curare-tipped needles
 u - 15 sling bullets of frost
 z - 4 exploding sling bullets
 U - 13 arrows of flame
 X - 14 poisoned arrows
Armour
 j - a +0 helmet (worn)
 s - a +0 plate armour
 t - a +0 chain mail (worn)
 w - a +0 cloak (worn)
 K - a +1 robe of resistance
 V - a +0 pair of gloves (worn)
Jewellery
 c - a ring of sustain abilities (left hand)
 H - an uncursed amulet of resist mutation
 P - an uncursed amulet of stasis
 R - an amulet of regeneration (around neck)
Magical devices
 d - a wand of enslavement (9)
 p - a wand of frost (13)
 C - a wand of disintegration (14)
 I - a wand of teleportation (4)
 M - a wand of flame (25)
Scrolls
 m - a scroll of remove curse
 x - a scroll of teleportation
 y - 3 scrolls of recharging
 B - a scroll of identify
 Q - a scroll of fear
 Z - 2 scrolls of blinking
Potions
 i - 3 potions of curing
 A - 2 potions of magic
 D - a potion of haste
 F - a potion of berserk rage
 G - 3 potions of cancellation
 N - 3 potions of restore abilities
 O - 2 potions of agility
Miscellaneous
 n - a plain deck of escape
Comestibles
 f - 4 bread rations
 g - 10 meat rations
 S - 6 fruits {!e}


   Skills:
 - Level 7.1(0.0) Fighting
   Level 1.0(0.0) Short Blades
 - Level 14.0(0.0) Staves
 - Level 1.0(0.0) Slings
 - Level 1.0(0.0) Bows
 - Level 1.0(0.0) Throwing
 + Level 6.8(0.0) Armour
 - Level 4.2(0.0) Dodging
 - Level 2.0(0.0) Stealth


You had 10 spell levels left.
You didn't know any spells.

Dungeon Overview and Level Annotations

Branches:
Dungeon (11/15)            Temple (1/1) D:5            Lair (2/8) D:10
    Orc: D:9-12

Altars:
Ashenzari
Cheibriados
Dithmenos
Elyvilon
Fedhas
Gozag
Kikubaaqudgha
Makhleb
Nemelex Xobeh
Okawaru
Qazlal
Ru
Sif Muna
Trog
Vehumet
Xom
Yredelemnul
Zin
The Shining One

Annotations:
D:4 Prince Ribbit
D:7 ice statue, exclusion: ice statue
D:10 Sonja
D:11 Joseph


Message History

The yak barely misses you.
The centaur zombie hits you but does no damage.
You barely miss the hobgoblin.
The centaur zombie hits you but does no damage.
The yak completely misses you.
The hobgoblin hits you but does no damage.
The yak gores you.
* * * LOW HITPOINT WARNING * * *
Unknown command.
Read which item? (? for menu, Esc to quit)
Okay, then.
Drink which item? (? for menu, Esc to quit)
You feel better. The centaur zombie hits you.
* * * LOW HITPOINT WARNING * * *
The hobgoblin hits you but does no damage.
The yak gores you.
* * * LOW HITPOINT WARNING * * *
The yak gores you.
You die...
Fedhas appreciates your contribution to the ecosystem.

...## ...... #.....#
##....# ### ##....*#
#######.## ###....*#
#...#....######.......#
#.......OO##gYY.P.....#
#.......OOYZ@Y###.....#
#........OOO### #.....#
#...#(...OW## #...###
#....####### ##..##
###### #........#
##...# ##.....
........# ###...##
#...... #####@..#
#.....# ##...... ##...
#.....# ##......# #...
##....###......##


You could see an ogre mage, 4 yaks, a hungry ghost, 3 two-headed ogres, 4 ogres,
a centaur zombie and a hobgoblin.

Vanquished Creatures
  Pikel (D:4)
  A black mamba (Lair:1)
  A troll (D:8)
  A merfolk (D:10)
  2 steam dragons
  2 wraiths (Ossuary)
  15 yaks
  A hippogriff (Lair:1)
  2 hungry ghosts (D:9)
  2 water moccasins
  A porcupine (Lair:1)
  2 black bears
  3 orc warriors
  2 phantoms
  5 sky beasts
  An eye of draining (D:10)
  An ice beast (D:9)
  3 ogres
  A crocodile (D:10)
  6 centaurs
  Duvessa (D:4)
  A big kobold (D:9)
  7 giant frogs
  3 scorpions
  2 jellies
  17 wights
  2 goliath beetles (D:6)
  Dowan (D:4)
  A quasit (D:9)
  A centaur skeleton (D:4)
  Crazy Yiuf (D:2)
  5 orc priests
  2 giant frog skeletons
  7 hounds
  2 iguanas
  10 orc wizards
  A hell rat (D:9)
  9 worker ants
  2 killer bee zombies
  A sheep (D:10)
  A hound skeleton (D:6)
  A mummy (D:4)
  12 adders
  8 gnolls
  5 river rats
  4 shadow imps
  3 giant mites
  4 worms
  2 adder zombies (Ossuary)
  2 adder skeletons (D:7)
  7 giant geckos
  32 orcs
  2 bat skeletons
  A bat zombie (D:8)
  6 giant cockroaches
  15 hobgoblins
  8 jackals
  21 kobolds
  7 quokkas
  A ball python (D:3)
  2 ball python skeletons (Ossuary)
  17 bats
  2 giant gecko zombies
  5 giant newts
  17 goblins
  2 hobgoblin skeletons (Ossuary)
  A hobgoblin zombie (Ossuary)
  A jackal skeleton (D:7)
  2 kobold zombies (D:4)
  An orc skeleton (Ossuary)
  19 rats
  A spectral orc (D:7)
341 creatures vanquished.

Vanquished Creatures (others)
  A slave (D:4)
  A gnoll sergeant (D:4)
  A gnoll (D:4)
  An orc (D:4)
  A goblin (D:6)
  2 jackals (D:4)
  A kobold (D:4)
  A quokka (D:11)
  A giant spore (D:6)
  A rat (D:4)
  A fungus (Lair:1)
  17 toadstools
29 creatures vanquished.

Grand Total: 370 creatures vanquished

Notes
Turn   | Place    | Note
--------------------------------------------------------------
     0 | D:1      | hannobal, the Human Wanderer, began the quest for the Orb.
     0 | D:1      | hannobal set off with: a +2 quarterstaff, a +0 spear, a potion of curing, a +0 robe, a +0 dagger, a bread ration
     0 | D:1      | Reached XP level 1. HP: 16/16 MP: 1/1
    53 | D:1      | Reached XP level 2. HP: 20/22 MP: 2/2
   447 | D:1      | Reached skill level 4 in Staves
   447 | D:1      | Reached XP level 3. HP: 20/27 MP: 3/3
   982 | D:2      | Reached skill level 1 in Slings
  1090 | D:2      | Reached XP level 4. HP: 24/33 MP: 4/4
  1723 | D:2      | Noticed Crazy Yiuf
  1737 | D:2      | Killed Crazy Yiuf
  1737 | D:2      | Reached skill level 5 in Staves
  1860 | D:3      | Reached XP level 5. HP: 28/38 MP: 5/5
  2904 | D:3      | Reached skill level 6 in Staves
  2948 | D:3      | Reached XP level 6. HP: 34/44 MP: 6/6
  3093 | D:4      | Noticed Pikel
  3093 | D:4      | Noticed a slave
  3109 | D:4      | Noticed a slave
  3129 | D:4      | Killed Pikel
  3129 | D:4      | Reached skill level 8 in Staves
  3129 | D:4      | Reached XP level 7. HP: 17/50 MP: 7/7
  3339 | D:4      | Noticed a freed slave
  3361 | D:4      | Noticed a freed slave
  3382 | D:4      | Found a sand-covered staircase.
  3392 | Ossuary  | Entered an ossuary
  3460 | Ossuary  | Reached XP level 8. HP: 45/56 MP: 8/8
  3702 | Ossuary  | Noticed a flying skull
  3702 | Ossuary  | Noticed a wraith
  3708 | Ossuary  | Noticed a flying skull
  3711 | Ossuary  | Noticed a flying skull
  3712 | Ossuary  | Noticed a flying skull
  3712 | Ossuary  | Noticed a flying skull
  3740 | Ossuary  | Noticed a wraith
  3759 | Ossuary  | Killed a wraith
  3759 | Ossuary  | Reached skill level 9 in Staves
  3975 | Ossuary  | Noticed a wraith
  3988 | Ossuary  | Killed a wraith
  4085 | Ossuary  | Reached skill level 10 in Staves
  4396 | D:4      | Killed a freed slave
  4415 | D:4      | Noticed Prince Ribbit
  4572 | D:4      | Found a snail-covered altar of Cheibriados.
  5102 | D:4      | Reached XP level 9. HP: 42/61 MP: 9/9
  5469 | D:4      | Noticed Dowan
  5470 | D:4      | Noticed Duvessa
  5486 | D:4      | Killed Duvessa
  5500 | D:4      | Killed Dowan
  5500 | D:4      | Reached skill level 11 in Staves
  5911 | D:5      | Entered Level 5 of the Dungeon
  6609 | D:5      | Found an opulent altar of Gozag.
  6609 | D:5      | Found a glowing golden altar of the Shining One.
  6610 | D:5      | Found an iron altar of Okawaru.
  6769 | D:5      | Found a staircase to the Ecumenical Temple.
  6780 | Temple   | Entered the Ecumenical Temple
  6986 | Temple   | Became a worshipper of Fedhas Madash
  7439 | D:6      | Found a sparkling altar of Nemelex Xobeh.
  7754 | D:5      | Reached skill level 12 in Staves
  8586 | D:6      | Reached skill level 1 in Bows
  8607 | D:6      | Reached XP level 10. HP: 65/67 MP: 10/10
  8615 | D:6      | Reached skill level 13 in Staves
  9514 | D:6      | Found a sparkling altar of Nemelex Xobeh.
 10053 | D:7      | Reached skill level 14 in Staves
 10119 | D:7      | Found a basalt altar of Yredelemnul.
 10649 | D:7      | Noticed an ice statue
 10810 | D:8      | Found a blossoming altar of Fedhas.
 11076 | D:7      | Reached skill level 1 in Armour
 11926 | D:9      | Found a white marble altar of Elyvilon.
 12730 | D:9      | Reached skill level 5 in Armour
 12922 | D:9      | Reached XP level 11. HP: 68/75 MP: 11/11
 13186 | D:9      | Reached skill level 5 in Fighting
 14061 | D:10     | Entered Level 10 of the Dungeon
 15869 | D:10     | Found a staircase to the Lair.
 16372 | Lair:1   | Entered Level 1 of the Lair of Beasts
 16623 | Lair:1   | Noticed a five-headed hydra
 16882 | D:11     | Noticed Sonja
 17309 | D:11     | Got a bone halberd
 17310 | D:11     | Identified the +5 halberd of Watchfulness {elec, rPois rC- MP+9 Int+7 Dex-3} (You found it on level 11 of the Dungeon)
 17400 | D:11     | Noticed Joseph
 17425 | D:11     | Noticed an ogre mage
 17429 | D:11     | HP: 2/84 [yak[a centaur zombie] (6)]
 17429 | D:11     | Slain by a yak

Action                   |  1- 3 |  4- 6 |  7- 9 | 10-12 || total
-------------------------+-------+-------+-------+-------++-------
Melee: Quarterstaff      |    70 |   134 |   401 |   859 ||  1464
       Spear             |       |     4 |       |       ||     4
       Trident           |       |       |    26 |    19 ||    45
       Halberd           |       |       |       |    11 ||    11
 Fire: Hunting sling     |    22 |    21 |       |       ||    43
       Shortbow          |       |       |     8 |     3 ||    11
       Blowgun           |       |       |       |    12 ||    12
Throw: Tomahawk          |       |     2 |     2 |    19 ||    23
Evoke: Wand              |       |       |       |     3 ||     3
  Use: Potion            |     3 |     1 |     3 |    10 ||    17
       Scroll            |     8 |     5 |     8 |    14 ||    35
 Stab: Sleeping          |     2 |     2 |     3 |       ||     7
       Distracted        |       |     1 |       |       ||     1
  Eat: Chunk             |     1 |     6 |     4 |    14 ||    25
       Fruit             |       |       |     2 |       ||     2
       Beef jerky        |       |       |     2 |     2 ||     4
       Bread ration      |       |       |     2 |     4 ||     6
       Pizza             |       |       |     1 |     1 ||     2
